 Dungeon Crawl Stone Soup version 0.28.0-45-g0d030f2227 (webtiles) character file.

Game seed: 998933320091012428

336 GigaChad the Slasher (level 6, -8/52 HPs)
             Began as a Minotaur Gladiator on Apr 20, 2022.
             Was a Believer of the Shining One.
             Mangled by Pikel
             ... wielding a +1 whip of flaming
              (9 damage)
             ... on level 4 of the Dungeon.
             The game lasted 00:11:33 (2452 turns).

GigaChad the Slasher (Minotaur Gladiator)           Turns: 2452, Time: 00:11:33

Health: -8/52      AC:  8    Str: 18    XL:     6   Next: 28%
Magic:  5/5        EV:  8    Int:  5    God:    the Shining One [**....]
Gold:   69         SH:  0    Dex: 14    Spells: 5/5 levels left

rFire   . . .      SeeInvis .   a - +0 long sword
rCold   . . .      Faith    .   (no shield)
rNeg    + . .      Spirit   .   i - +0 chain mail
rPois   .          Reflect  .   c - +0 hat
rElec   .          Harm     .   (no cloak)
rCorr   .          Rampage  .   (no gloves)
Will    .....                   (no boots)
Stlth   ..........              j - amulet of magic regeneration
HPRegen 0.17/turn               (no ring)
MPRegen 0.49/turn               (no ring)

@: glowing
A: horns 2, retaliatory headbutt
a: Renounce Religion, Divine Shield


You were on level 4 of the Dungeon.
You worshipped the Shining One.
The Shining One was pleased with you.
You visited 1 branch of the dungeon, and saw 4 of its levels.

You collected 69 gold pieces.

Inventory:

Hand Weapons
 a - a +0 long sword (weapon)
 t - a +3 dagger
 u - a +0 dire flail
Missiles
 d - 4 throwing nets (quivered)
 h - 3 silver javelins
Armour
 b - a +0 leather armour
 c - a +0 hat (worn)
 e - a +0 scale mail
 i - a +0 chain mail (worn)
 q - a +0 chain mail
 s - a +3 scale mail of fire resistance
Jewellery
 j - an amulet of magic regeneration (around neck)
Wands
 r - a wand of iceblast (5)
Scrolls
 g - 2 scrolls of identify
 k - a scroll of enchant armour {unknown}
 m - a scroll of fear
 o - a scroll of silence {unknown}
Potions
 f - a potion of flight {unknown}
 l - a potion of haste
 n - a potion of curing
 p - 2 potions of brilliance {unknown}


   Skills:
 + Level 3.6 Fighting
 + Level 6.8 Long Blades
 + Level 2.1 Throwing
 + Level 2.6 Armour
 + Level 4.2 Dodging


You had 5 spell levels left.
You didn't know any spells.
Your spell library contained the following spells:

 Spells                   Type           Power      Damage    Failure   Level
 Freeze                   Ice            0%         1d3       100%        1
 Summon Small Mammal      Summ           0%         N/A       100%        1
 Call Canine Familiar     Summ           0%         N/A       100%        3
 Frozen Ramparts          Ice            0%         1d2       100%        3
 Summon Guardian Golem    Hex/Summ       0%         N/A       100%        3
 Hailstorm                Conj/Ice       0%         3d3       100%        4
 Chain Lightning          Conj/Air       0%         N/A       100%        9
 Fire Storm               Conj/Fire      0%         5d1       100%        9
 Shatter                  Erth           0%         3d5*      100%        9


Dungeon Overview and Level Annotations

Branches:
Dungeon (4/15)
 Temple: D:4-7

Altars:
Okawaru
The Shining One

Shops:
D:1 (

Annotations:
D:4 Pikel


Innate Abilities, Weirdness & Mutations

You have a pair of horns on your head.
You reflexively headbutt those who attack you in melee.


Message History

You slash the lemure!
You kill the lemure!
That felt strangely unrewarding.
Pikel closely misses you.
You slash Pikel!
Pikel is moderately wounded.
Pikel barely misses you. Pikel hits you but does no damage.
You barely miss Pikel.
Pikel is moderately wounded.
Pikel hits you with a +1 whip of flaming.
Pikel burns you.
You slash Pikel!
Pikel is heavily wounded.
Pikel hits you with a +1 whip of flaming.
Pikel burns you. Pikel closely misses you.
You hit Pikel. You headbutt Pikel, but do no damage.
Pikel is heavily wounded.
Pikel hits you with a +1 whip of flaming.
Pikel burns you.
Pikel hits you with a +1 whip of flaming.
Pikel burns you.
You hit Pikel. You headbutt Pikel.
Pikel is severely wounded.
Pikel hits you with a +1 whip of flaming!
Pikel burns you.
You closely miss Pikel.
Pikel is severely wounded.
Pikel cracks his whip.
Pikel hits you with a +1 whip of flaming!
* * * LOW HITPOINT WARNING * * *
Pikel burns you.
* * * LOW HITPOINT WARNING * * *
Pikel hits you with a +1 whip of flaming!
* * * LOW HITPOINT WARNING * * *
Pikel burns you.
* * * LOW HITPOINT WARNING * * *
You hit Pikel.
Pikel is almost dead.
Pikel hits you with a +1 whip of flaming!
You die...

##### ...#
#####5#########
#...g5K@......#
#...5.....#5#######.#
...[.#......# #.#
###.........# #.#
######.#### #.# #.#
#.# #.# #.# ##'## #.#
# ##...## ##.#


You could see Pikel (fast), 3 lemures and a goblin.

Vanquished Creatures
  Grinder (D:3)
  A lemure (D:4)
  Ijyb (D:3)
  Robin (D:3)
  3 adders (D:2)
  2 dart slugs (D:2)
  9 ball pythons
  2 bats
  2 endoplasms
  2 giant cockroaches (D:2)
  4 hobgoblins
  4 jackals (D:3)
  10 kobolds
  A quokka (D:2)
  4 frilled lizards
  16 goblins
  5 rats
68 creatures vanquished.

Vanquished Creatures (others)
  5 plants (D:1)
5 creatures vanquished.

Grand Total: 73 creatures vanquished

Notes
Turn   | Place    | Note
-------+----------+-------------------------------------------
     0 | D:1      | GigaChad the Minotaur Gladiator began the quest for the
                  | Orb.
     0 | D:1      | Reached XP level 1. HP: 18/18 MP: 0/0
   169 | D:1      | Found a faded altar of an unknown god.
   180 | D:1      | Prayed at the altar of an unknown god.
   180 | D:1      | Became a worshipper of the Shining One
   180 | D:1      | Reached * piety under the Shining One
   287 | D:1      | Found Puawk's Weapon Emporium.
   350 | D:1      | Reached XP level 2. HP: 20/25 MP: 1/1
   814 | D:1      | Reached skill level 4 in Long Blades
   865 | D:2      | Reached XP level 3. HP: 25/30 MP: 2/2
   987 | D:2      | Found an iron altar of Okawaru.
  1192 | D:2      | Reached XP level 4. HP: 35/37 MP: 3/3
  1406 | D:3      | Reached ** piety under the Shining One
  1468 | D:3      | Noticed Robin
  1473 | D:3      | Reached skill level 5 in Long Blades
  1478 | D:3      | Killed Robin
  1492 | D:3      | Reached skill level 1 in Armour
  1544 | D:3      | Noticed Grinder
  1544 | D:3      | Paralysed by Grinder for 3 turns
  1559 | D:3      | Killed Grinder
  1560 | D:3      | Reached skill level 6 in Long Blades
  1560 | D:3      | Reached XP level 5. HP: 11/46 MP: 4/4
  1560 | D:3      | Reached XP level 6. HP: 13/52 MP: 5/5
  2061 | D:3      | Noticed Ijyb
  2075 | D:3      | Killed Ijyb
  2431 | D:4      | Noticed Pikel
  2451 | D:4      | HP: 1/52 [Pikel/+1 whip of flaming (2)]
  2452 | D:4      | Mangled by Pikel

Illustrated notes

Levels and vault maps discovered:
D:1:      eino_arrival_druids_welcome, layout_basic,
          shapermc_ecumenical_altar_totnotflames, serial_shops,
          nicolae_square_shop, chequers_jeans, serial_bayou_crossing
D:2:      layout_rooms, basic_altar
D:3:      layout_loops_cross, mainiacjoe_overflow_swirl,
          kennysheep_generic_room_4, uniq_grinder, uniq_ijyb, uniq_robin
D:4:      layout_loops_corners, uniq_pikel

Skill      XL: |  1  2  3  4 |
---------------+-------------+-----
Long Blades    | 4 6 |  6.8
Dodging        | 4 |  4.2
Fighting       | 3 |  3.6
Armour         | 2 |  2.6
Throwing       | |  2.1

Action                   |  1- 3 |  4- 6 || total
-------------------------+-------+-------++-------
Melee: Long sword        |    56 |    73 ||   129
       Headbutt          |     9 |    16 ||    25
  Use: Scroll            |     2 |     3 ||     5
Armor: Scale mail        |     2 |       ||     2
       Chain mail        |    44 |    31 ||    75
Dodge: Dodged            |    55 |    25 ||    80
